 Dungeon Crawl Stone Soup version 0.18-a0-964-g5edc98f (webtiles) character file.

53 Cherryjuice the Covert (level 3, 0/18 HPs)
             Began as a Spriggan Assassin on Jan 1, 2016.
             Was an Initiate of Ashenzari.
             Slain by a giant cockroach (2 damage)
             ... on level 2 of the Dungeon.
             The game lasted 00:03:44 (994 turns).

Cherryjuice the Covert (Spriggan Assassin)           Turns: 994, Time: 00:03:44

Health: 0/18       AC:  3    Str:  7    XL:     3   Next: 62%
Magic:  4/4        EV: 17    Int: 12    God:    Ashenzari [......]
Gold:   26         SH:  0    Dex: 18    Spells: 0 memorised, 2 levels left

rFire  . . .     SeeInvis +     a - +2 dagger
rCold  . . .     Gourm    .     c - +0 robe
rNeg   . . .     Faith    .     (shield restricted)
rPois  .         Spirit   .     (helmet restricted)
rElec  .         Dismiss  .     d - +0 cloak
rCorr  .         Reflect  .     (gloves unavailable)
SustAt .         Harm     .     (boots unavailable)
MR     .....                    (no amulet)
Stlth  +++++.....               (no ring)
                                (no ring)

@: very quick, not resistant to hostile enchantments, quite stealthy
A: unfitting armour, see invisible, herbivore 3, speed 3, slow metabolism 2
a: Renounce Religion


You were on level 2 of the Dungeon.
You worshipped Ashenzari.
Ashenzari was noncommittal.
You were not hungry.

You visited 1 branch of the dungeon, and saw 2 of its levels.

You collected 26 gold pieces.

Inventory:

Hand Weapons
 a - a +2 dagger (weapon)
 b - a +0 blowgun
 n - a +0 dagger
 o - a +0 dagger
Missiles
 e - 8 poisoned needles
 f - 2 curare-tipped needles
Armour
 c - a +0 robe (worn)
 d - a +0 cloak (worn)
Scrolls
 k - a scroll of identify {unknown}
 l - a scroll of fog {unknown}
 m - a scroll of remove curse
Potions
 i - 2 potions of curing {unknown}
Comestibles
 g - a bread ration
 h - a royal jelly
 j - 4 fruits


   Skills:
 - Level 1.5 Fighting
 - Level 2.1 Short Blades
 - Level 2.0 Throwing
 - Level 1.5 Dodging
 * Level 8.1 Stealth


You had 2 spell levels left.
You didn't know any spells.

Dungeon Overview and Level Annotations

Branches:
Dungeon (2/15)

Altars:
Ashenzari
Okawaru


Innate Abilities, Weirdness & Mutations

You are tiny and cannot use many weapons and most armour.
You have supernaturally acute eyesight.
You are a herbivore.
You cover ground extremely quickly.
You need consume almost no food.


Message History

The giant cockroach misses you.
Things that are here:
a jackal corpse x2 a rat corpse You are too injured to fight recklessly!
You are too injured to fight recklessly!
You closely miss the giant cockroach. The giant cockroach bites you.
* * * LOW HITPOINT WARNING * * *
You closely miss the giant cockroach.
The giant cockroach bites you but does no damage.
You hit the giant cockroach but do no damage.
The giant cockroach closely misses you.
You barely miss the giant cockroach. The giant cockroach barely misses you.
You closely miss the giant cockroach. The giant cockroach bites you.
* * * LOW HITPOINT WARNING * * *
You barely miss the giant cockroach. The giant cockroach barely misses you.
You barely miss the giant cockroach.
The giant cockroach completely misses you.
The giant cockroach bites you.
You die...

........ #. #.#.##.#.#
.............# #.##.#.#....#
..............# #..#.#.#..#..
.......%......# #........#..
#............######.....#.#..
#..........###......#..#.#..
#...#..##.#......(...#.....#
.###....#..>.......#........#
....)......#@.........##...##
.....#......s#####..#.# ...=#
...#...$#..#..# #..#.##..#.#
. ###.....#### #..##..<..#..
##..<..### #..##...#.#.#
##........####..#...##....
#.....$......#.##........#
....#............##.....†...
............................#


You could see a giant cockroach.

Vanquished Creatures
  An adder (D:2)
  An ooze (D:2)
  A worm (D:2)
  2 giant geckos
  A giant cockroach (D:1)
  2 hobgoblins
  3 jackals (D:2)
  9 bats
  A giant newt (D:1)
  5 goblins
  5 kobolds (D:1)
  A rat (D:2)
32 creatures vanquished.

Notes
Turn   | Place    | Note
--------------------------------------------------------------
     0 | D:1      | Cherryjuice the Spriggan Assassin began the quest for the Orb.
     0 | D:1      | Reached XP level 1. HP: 10/10 MP: 2/2
    31 | D:1      | Reached skill level 6 in Stealth
   163 | D:1      | Reached XP level 2. HP: 7/14 MP: 3/3
   289 | D:1      | Found a shattered altar of Ashenzari.
   310 | D:1      | Became a worshipper of Ashenzari the Shackled
   520 | D:1      | Reached skill level 7 in Stealth
   776 | D:2      | Reached XP level 3. HP: 18/18 MP: 4/4
   841 | D:2      | Found an iron altar of Okawaru.
   955 | D:2      | Reached skill level 8 in Stealth
   994 | D:2      | Slain by a giant cockroach

Vault maps used:
D:1:      minmay_arrival_glassed_features, ashenzari_altar_1
D:2:      okawaru_metal_pillars_1_2

Action                   || total
-------------------------++-------
Melee: Dagger            ||   102
 Stab: Sleeping          ||    11
